 Dungeon Crawl Stone Soup version 0.29.1-13-g9f3cf754e1 (webtiles) character file.

Game seed: 13120883116381920985

42 Thatpatchoflichen the Shooter (level 3, -1/29 HPs)
             Began as a Demonspawn Hunter on Feb 2, 2023.
             Slain by a jackal (2 damage)
             ... on level 1 of the Dungeon.
             The game lasted 00:04:18 (1501 turns).

Thatpatchoflichen the Shooter (Demonspawn Hunter)   Turns: 1501, Time: 00:04:18

Health: -1/29      AC:  3    Str: 11    XL:     3   Next: 35%
Magic:  3/3        EV: 12    Int: 10    God:
Gold:   71         SH:  0    Dex: 18    Spells: 2/2 levels left

rFire   . . .      SeeInvis .   a - +0 shortbow
rCold   . . .      Faith    .   (shield currently unavailable)
rNeg    . . .      Spirit   .   c - +0 leather armour
rPois   .          Reflect  .   (no helmet)
rElec   .          Harm     .   (no cloak)
rCorr   .          Rampage  .   (no gloves)
Will    .....                   (no boots)
Stlth   ++........              (no amulet)
HPRegen 0.09/turn               (no ring)
MPRegen 0.08/turn               (no ring)

@: studying Fighting
A: hooves 1, demonic magic 1
a: no special abilities


You were on level 1 of the Dungeon.
You visited 1 branch of the dungeon, and saw 3 of its levels.

You collected 71 gold pieces.

Inventory:

Hand Weapons
 a - a +0 shortbow (weapon)
 l - a +2 dagger of speed
Armour
 c - a +0 leather armour (worn)
Scrolls
 b - a scroll of immolation
 d - a scroll of magic mapping {unknown}
 e - a scroll of identify {unknown}
 i - a scroll of teleportation {unknown}
 j - a scroll of enchant weapon {unknown}
 k - a scroll of poison {unknown}
 m - a scroll of amnesia {unknown}
 n - a scroll of fear {unknown}
Potions
 f - a potion of curing {unknown}
 g - a potion of brilliance {unknown}
 h - a potion of ambrosia {unknown}


   Skills:
 + Level 3.1 Fighting
 + Level 4.0 Ranged Weapons
 + Level 2.4 Dodging
 - Level 1.0 Stealth


You had 2 spell levels left.
You didn't know any spells.
Your spell library contained the following spells:

 Spells                   Type           Power      Damage    Failure   Level
 Sandblast                Erth           0%         2d4       45%         1
 Passwall                 Tmut/Erth      0%         N/A       58%         2
 Stone Arrow              Conj/Erth      0%         3d7       83%         3


Dungeon Overview and Level Annotations

Branches:
Dungeon (3/15)

Altars:


Innate Abilities, Weirdness & Mutations

You have large cloven feet.
Spells you cast may paralyse adjacent enemies.


Message History

Press: ? - help, Q - select action Shift-Dir - straight line, f/p - gnoll
Aim: a gnoll, wielding a +0 whip (severely wounded, 68% to hit)
You shoot an arrow. The arrow hits the gnoll.
The gnoll is severely wounded.
The jackal barely misses you. The gnoll hits you with a +0 whip.
* * * LOW HITPOINT WARNING * * *
The jackal bites you.
* * * LOW HITPOINT WARNING * * *
Fire: a) +0 shortbow
Press: ? - help, Q - select action Shift-Dir - straight line, f/p - gnoll
Aim: a gnoll, wielding a +0 whip (severely wounded, 68% to hit)
You shoot an arrow. The arrow hits the gnoll!
You kill the gnoll!
The jackal closely misses you. x2
Fire: a) +0 shortbow
Press: ? - help, Q - select action Shift-Dir - straight line, f - jackal
Aim: a jackal (58% to hit)
You shoot an arrow.
The arrow hits the jackal but does no damage.
The jackal barely misses you.
Fire: a) +0 shortbow
Press: ? - help, Q - select action Shift-Dir - straight line, f/p - jackal
Aim: a jackal (58% to hit)
You shoot an arrow. The arrow barely misses the jackal.
The jackal barely misses you. The jackal bites you.
* * * LOW HITPOINT WARNING * * *
Fire: a) +0 shortbow
Press: ? - help, Q - select action Shift-Dir - straight line, f/p - jackal
Aim: a jackal (58% to hit)
You shoot an arrow. The arrow closely misses the jackal.
The jackal bites you but does no damage.
The jackal completely misses you.
Fire: a) +0 shortbow
Press: ? - help, Q - select action Shift-Dir - straight line, f/p - jackal
Aim: a jackal (58% to hit)
You shoot an arrow. The arrow closely misses the jackal.
The jackal bites you.
* * * LOW HITPOINT WARNING * * *
The jackal bites you.
You die...

...........#...........#
############.###########
.......................#
.###########.########.##
.# #.# #.# .# #.# #.#
.###### #.# #.# .##.~.#
#.########.# ....~.#
#.##)@h....# .##.≈.#
#.##.####### .###≈##
#.##.# .# #≈#######.##.#
^###≈#.......##.#
...###.......##.#
###.........###.#
#.........# #.#
#.........# #.#


You could see a jackal.

Vanquished Creatures
  A gnoll (D:1)
  2 dart slugs
  2 endoplasms (D:1)
  A giant cockroach (D:1)
  A goblin (D:1)
  7 hobgoblins (D:1)
  A jackal (D:1)
  A quokka (D:2)
  A ball python (D:2)
  3 bats
  2 frilled lizards
  4 rats (D:1)
26 creatures vanquished.

Notes
Turn   | Place    | Note
-------+----------+-------------------------------------------
     0 | D:1      | Thatpatchoflichen the Demonspawn Hunter began the quest for
                  | the Orb.
     0 | D:1      | Reached XP level 1. HP: 16/16 MP: 1/1
    15 | D:1      | Reached skill level 1 in Stealth
   272 | D:1      | Gained mutation: Spells you cast may paralyse adjacent
                  | enemies. [demonic ancestry]
   272 | D:1      | Reached XP level 2. HP: 23/23 MP: 2/2
  1289 | D:2      | Gained mutation: You have large cloven feet. [demonic
                  | ancestry]
  1289 | D:2      | Reached XP level 3. HP: 28/28 MP: 3/3
  1336 | D:1      | Reached skill level 4 in Ranged Weapons
  1501 | D:1      | HP: 1/29 [jackal (3)]
  1501 | D:1      | Slain by a jackal

Illustrated notes

Levels and vault maps discovered:
D:1:      nicolae_arrival_washed_ashore, layout_basic,
          chequers_serial_rivers_micro_b
D:2:      layout_basic, grunt_decor_junction
D:3:      layout_basic, nicolae_uskayaw_suspiria, old_standard_altar,
          nemelex_dance_club_becter, nicolae_gozag_seed_capital,
          elyvilon_altar_3

Skill      XL: |  1  2  3 |
---------------+----------+-----
Stealth        | 1 |  1.0
Dodging        | 2 |  2.4
Fighting       | 3 |  3.1
Ranged Weapons | 4 |  4.0

Action                   || total
-------------------------++-------
 Fire: Shortbow          ||    57
Armor: Leather armour    ||     6
Dodge: Dodged            ||    28
